 Seeded DCSS version 0.30.0-10-gfe55d96785 (webtiles) character file.

Game seed: 16511082252789274972 (custom seed)

29157 Pimp the Zephyrmancer (level 13, -2/78 HPs)
             Began as a Tengu Hunter on May 15, 2023.
             Was a High Priest of Okawaru.
             Slain by a +1 scimitar of protection (13 damage)
             ... on level 2 of the Orcish Mines.
             The game lasted 00:59:51 (17913 turns).

Pimp the Zephyrmancer (Tengu Hunter)               Turns: 17913, Time: 00:59:52

Health: -2/78      AC: 16    Str: 11    XL:     13   Next: 43%
Magic:  28/28      EV: 25    Int: 16    God:    Okawaru [*****.]
Gold:   166        SH:  5    Dex: 28    Spells: 19/19 levels left

rFire   x x .        I - +2 short sword (vamp)
rCold   + + +        (no shield)
rNeg    . . .        f - +8 ring mail "Vydaocio" {rElec rPois rF- Int+3}
rPois   +            (helmet restricted)
rElec   +            t - +0 cloak
rCorr   +            (no gloves)
SInv    .            (boots unavailable)
Will    +....        q - amulet of reflection
Stlth   +++          x - ring of Recklessness {*Slow rF- rC+++ rCorr MP+9}
HPRegen 0.33/turn    K - +6 ring of dexterity
MPRegen 0.21/turn

%: slow self (1%), reflection
@: flying quickly and evasively, quick
A: beak, talons 3, nimble flight, thin skeletal structure 1, strong-willed 1
a: Renounce Religion, Heroism, Finesse, Duel


You were on level 2 of the Orcish Mines.
You worshipped Okawaru.
Okawaru was extremely pleased with you.
You visited 3 branches of the dungeon, and saw 16 of its levels.
You also visited: Bailey.

You collected 1254 gold pieces.
You spent 1088 gold pieces at shops.

Inventory:

Hand Weapons
 a - a +2 shortbow
 d - the +1 longbow "Zigorak" {speed, rF- rN+ Int+3}
   (Okawaru gifted it to you on level 2 of the Orcish Mines)

   Int:       It affects your intelligence (+3).
   rF:        It makes you vulnerable to fire.
   rN:        It protects you from negative energy.
 e - a +2 dagger of venom
 l - a +1 short sword of draining
 G - a +6 arbalest of freezing
 I - a +2 vampiric short sword (weapon)
Missiles
 L - a silver javelin
Armour
 c - a +0 leather armour
 f - the +8 ring mail "Vydaocio" (worn) {rElec rPois rF- Int+3}
   (You acquired it on level 2 of the Dungeon)

   Int:       It affects your intelligence (+3).
   rF:        It makes you vulnerable to fire.
   rElec:     It insulates you from electricity.
   rPois:     It protects you from poison.
 p - a scarf of harm
 t - a +0 cloak (worn)
 D - the +11 chain mail of the Shining One's Fury {rElec Dex+5}
   (You bought it in a shop on level 2 of the Orcish Mines)

   Dex:       It affects your dexterity (+5).
   rElec:     It insulates you from electricity.
Magical Staves
 i - a staff of air
Jewellery
 j - a ring of ice
 q - an amulet of reflection (around neck)
 x - the ring of Recklessness (left hand) {*Slow rF- rC+++ rCorr MP+9}
   (You found it on level 6 of the Dungeon)

   [ring of magical power]

   rF:        It makes you vulnerable to fire.
   rC:        It renders you almost immune to cold.
   MP:        It affects your magic capacity (+9).
   rCorr:     It protects you from acid and corrosion.
   *Slow:     It may slow you when you take damage.
 H - a ring of see invisible
 K - a +6 ring of dexterity (right hand)
 M - a ring of positive energy
Wands
 n - a wand of mindburst (15) (quivered)
 y - a wand of flame (27)
 E - a wand of roots (1)
 J - a wand of paralysis (2)
Scrolls
 b - 2 scrolls of immolation
 m - 3 scrolls of teleportation
 r - a scroll of silence
 v - a scroll of poison
 z - a scroll of enchant weapon
 A - a scroll of enchant armour
 F - 2 scrolls of fog
Potions
 g - 2 potions of might
 h - 5 potions of curing
 k - 2 potions of resistance
 s - 4 potions of lignification
 u - a potion of invisibility
 w - 2 potions of mutation
 B - 2 potions of attraction
 C - 2 potions of flight


   Skills:
 - Level 8.3 Fighting
 - Level 4.4(5.4) Short Blades
 - Level 4.8(5.7) Long Blades
 - Level 10.0 Ranged Weapons
 * Level 8.5 Armour
 - Level 12.0 Dodging
 - Level 2.3 Stealth
 - Level 3.9 Spellcasting
 - Level 14.2 Air Magic


You had 19 spell levels left.
You didn't know any spells.
Your spell library contained the following spells:

 Spells                   Type           Power      Damage    Failure   Level
 Cigotuvi's Dreadful Rot  Necr/Pois/Air  36%        N/A       8%          2
 Freeze                   Ice            12%        1d3       34%         1
 Blink                    Tloc           6%         N/A       47%         2
 Lesser Beckoning         Tloc           6%         N/A       47%         2
 Momentum Strike          Conj/Tloc      6%         3d8       47%         2
 Frozen Ramparts          Ice            6%         1d1       71%         3
 Hailstorm                Conj/Ice       3%         3d3       71%         3
 Dispel Undead            Necr           3%         3d7       98%         4
 Death Channel            Necr           Unusable   N/A       N/A         6

Dungeon Overview and Level Annotations

Branches:
Dungeon (13/15)            Temple (0/1) D:7            Lair (0/5) D:9
    Orc (2/2) D:10            Elf (1/3) Orc:2        Bailey (visited)
 Vaults: D:13-14

Altars:
Ashenzari
Cheibriados
Gozag
Kikubaaqudgha
Nemelex Xobeh
Okawaru
Qazlal
Ru
Trog
Vehumet
Wu Jian
Xom
Zin

Shops:
D:7 *   D:9 *   D:12 [   Orc:1 =   Orc:2 *?([([([(*

Annotations:
D:6 1 runed translucent door, TheFallenCrow's ghost, novice DsWr
D:8 exclusion: statue


Innate Abilities, Weirdness & Mutations

You have a beak for a mouth.
You have claws for feet.
Your magical nature lets you fly swiftly and evasively.
You have a somewhat thin skeletal structure. (Dex +2, Stealth+)
You are strong-willed. (Will+)


Message History

The deep elf pyromancer casts a spell at you.
The bolt of fire misses you.
You completely miss the deep elf pyromancer.
You claw the deep elf pyromancer, but do no damage.
You peck the deep elf pyromancer.
The deep elf pyromancer is lightly wounded.
The +1 scimitar of protection hits you.
You hit the deep elf pyromancer but do no damage.
You claw the deep elf pyromancer, but do no damage.
Your peck misses the deep elf pyromancer.
The deep elf pyromancer is lightly wounded.
You block the +1 scimitar of protection's attack.
The deep elf pyromancer completely misses you.
Unknown command.
You hit the deep elf pyromancer.
You feel better.
You peck the deep elf pyromancer.
The deep elf pyromancer is lightly wounded.
The +1 scimitar of protection barely misses you.
The deep elf pyromancer misses you.
You hit the deep elf pyromancer.
You feel better.
The deep elf pyromancer is moderately wounded.
The +1 scimitar of protection hits you!
* * * LOW HITPOINT WARNING * * *
The deep elf pyromancer completely misses you.
The +1 scimitar of protection completely misses you.
You completely miss the deep elf pyromancer.
The deep elf pyromancer is moderately wounded.
You block the +1 scimitar of protection's attack.
Unknown command.
You hit the deep elf pyromancer but do no damage.
The deep elf pyromancer is moderately wounded.
The deep elf pyromancer hits you but does no damage.
The +1 scimitar of protection hits you!
* * * LOW HITPOINT WARNING * * *
As you read the scroll of fear, it crumbles to dust.
You assume a fearsome visage.
The +1 scimitar of protection is unaffected.
The deep elf pyromancer looks frightened!
The +1 scimitar of protection hits you!
You die...

#.###.########.#..............###
#[.#....##.##...#............##.∩
.[..............∩....#......##...
#..[........................#..._
...........#..#.........#...#..)8
.)........#[).##....#.......#[...
......)....[)###.....#......##...
....#.#.#..).##(.e#.##..###..##..
<.).##.).8.8.#..@####.........##'
.....#..).......##.##...........)
.......##'''##......##∩#......#..
.....###.....###...#.######.##...
....## #8...8# ##.#...# #.......
....#####.).#####....## ##..##...
....#...#)).#...#...## #...###..
....#...'.).)...#...### ##.## ##.
....#...#.))#...#..##.## ### ###.


You could see a deep elf pyromancer (fleeing) and a +1 scimitar of protection.

Vanquished Creatures
  An orc warlord (D:10)
  Fannar (Orc:1)
  A boulder beetle (D:12)
  A two-headed ogre (D:12)
  2 orc high priests (Orc:2)
  An orc knight (Orc:1)
  2 orc sorcerers
  A manticore (D:11)
  Joseph (D:8)
  Maurice (D:10)
  2 gargoyles
  An unseen horror (D:12)
  7 trolls
  A hornet (D:10)
  Grinder (D:5)
  A wraith (D:11)
  4 yaks (D:10)
  A wyvern (D:9)
  A vampire (Bailey)
  3 steam dragons
  2 vampire mosquitoes (D:11)
  2 wargs
  A two-headed ogre zombie (D:10)
  Edmund (D:3)
  2 water moccasins
  32 orc warriors
  A sky beast (D:7)
  3 black bears
  An ice beast (D:7)
  10 ogres
  2 centaurs
  5 phantoms
  3 bullfrogs
  A gnoll sergeant (D:11)
  3 scorpions
  7 wights
  A troll zombie (D:10)
  12 killer bees
  5 wolf zombies (Bailey)
  3 electric eels
  5 howler monkeys
  6 vampire bats (Bailey)
  4 jellies
  3 gnoll boudas
  Crazy Yiuf (D:5)
  20 orc priests
  2 hounds
  An iguana (D:5)
  2 sleepcaps
  26 orc wizards
  6 ogre zombies (D:10)
  22 gnolls
  10 adders
  A white imp (D:6)
  2 ufetubi
  A worm (D:4)
  2 dart slugs
  82 orcs
  14 ball pythons
  4 bats
  7 endoplasms
  3 giant cockroaches
  13 goblins
  5 hobgoblins
  4 jackals (D:1)
  4 kobolds
  5 quokkas
  12 frilled lizards
  A goblin skeleton (D:10)
  A goblin zombie (D:10)
  3 hobgoblin zombies (D:10)
  2 orc skeletons (D:10)
  41 orc zombies
  8 rats
454 creatures vanquished.

Notes
Turn   | Place    | Note
-------+----------+-------------------------------------------
     0 | D:1      | Pimp the Tengu Hunter began the quest for the Orb.
     0 | D:1      | Reached XP level 1. HP: 12/12 MP: 2/2
   112 | D:1      | Reached XP level 2. HP: 13/17 MP: 3/3
   558 | D:1      | Reached XP level 3. HP: 22/22 MP: 4/4
  1119 | D:2      | Identified a scroll of acquirement
  1119 | D:2      | Acquired the +8 ring mail "Vydaocio" {rElec rPois rF-
                  | Int+3}
  1291 | D:2      | Reached skill level 1 in Air Magic
  1398 | D:2      | Reached XP level 4. HP: 27/27 MP: 5/5
  2035 | D:3      | Reached skill level 5 in Ranged Weapons
  2153 | D:3      | Gained mutation: Your magical nature lets you fly swiftly
                  | and evasively. [Tengu growth]
  2153 | D:3      | Reached XP level 5. HP: 32/32 MP: 6/6
  2698 | D:3      | Reached skill level 2 in Air Magic
  2730 | D:3      | Found a broken altar of Ashenzari.
  3584 | D:4      | Reached XP level 6. HP: 34/37 MP: 7/7
  3628 | D:4      | Noticed Edmund
  3657 | D:3      | Killed Edmund
  3658 | D:3      | Reached skill level 3 in Air Magic
  3966 | D:4      | Reached XP level 7. HP: 42/42 MP: 8/8
  4039 | D:4      | Found an ornate altar of the Wu Jian Council.
  4136 | D:5      | Entered Level 5 of the Dungeon
  4186 | D:4      | Reached skill level 5 in Dodging
  4305 | D:4      | Reached skill level 4 in Air Magic
  4593 | D:5      | Found a stormy altar of Qazlal.
  4662 | D:5      | Reached XP level 8. HP: 44/48 MP: 9/9
  4781 | D:5      | Reached skill level 5 in Air Magic
  4821 | D:5      | Gained mutation: You are dopey. (Int -2) [potion of
                  | mutation]
  4821 | D:5      | Gained mutation: You are clumsy. (Dex -2) [potion of
                  | mutation]
  4821 | D:5      | Gained mutation: You have a somewhat thin skeletal
                  | structure. (Dex +2, Stealth+) [potion of mutation]
  4822 | D:5      | Lost mutation: You are dopey. (Int -2) [potion of mutation]
  4822 | D:5      | Lost mutation: You are clumsy. (Dex -2) [potion of
                  | mutation]
  4822 | D:5      | Gained mutation: You are strong-willed. (Will+) [potion of
                  | mutation]
  4900 | D:5      | Noticed Grinder
  5025 | D:5      | Killed Grinder
  5026 | D:5      | Reached skill level 5 in Fighting
  5145 | D:5      | Found an iron altar of Okawaru.
  5169 | D:5      | Became a worshipper of Warmaster Okawaru
  5209 | D:5      | Found a runed translucent door.
  5210 | D:5      | Noticed Crazy Yiuf
  5298 | D:5      | Found a sparkling altar of Nemelex Xobeh.
  5343 | D:5      | Killed Crazy Yiuf
  5477 | D:6      | Reached skill level 6 in Air Magic
  5477 | D:6      | Reached XP level 9. HP: 54/54 MP: 10/10
  5580 | D:6      | Reached * piety under Okawaru
  6136 | D:6      | Identified the ring of Recklessness {*Slow rF- rC+++ rCorr
                  | MP+9}
  6281 | D:6      | Found a runed translucent door.
  6282 | D:6      | Found a shimmering altar of Xom.
  6282 | D:6      | Noticed TheFallenCrow's ghost (novice DsWr)
  6283 | D:6      | Noticed a +1 whip of chaos
  6776 | D:7      | Reached skill level 7 in Air Magic
  6796 | D:7      | Found a staircase to the Ecumenical Temple.
  6853 | D:7      | Found Ysiwn's General Store.
  6926 | D:7      | Reached ** piety under Okawaru
  7041 | D:7      | Reached skill level 1 in Short Blades
  7041 | D:7      | Reached skill level 1 in Armour
  7285 | D:7      | Found a bloodstained altar of Trog.
  7311 | D:7      | Found a sacrificial altar of Ru.
  7378 | D:7      | Found an opulent altar of Gozag.
  7406 | D:7      | Reached XP level 10. HP: 55/60 MP: 11/11
  7667 | D:8      | Noticed Joseph
  7697 | D:8      | Killed Joseph
  7902 | D:8      | Found a radiant altar of Vehumet.
  7966 | D:9      | Reached *** piety under Okawaru
  7967 | D:9      | Reached skill level 8 in Air Magic
  8064 | D:9      | Found a flagged portal.
  8079 | Bailey   | Entered a bailey
  8370 | Bailey   | Noticed a gargoyle
  8428 | Bailey   | Killed a gargoyle
  8754 | Bailey   | Reached skill level 10 in Dodging
  9332 | D:9      | Found a staircase to the Lair.
  9458 | D:9      | Found Zin's Purification Station.
  9463 | D:9      | Found a glowing silver altar of Zin.
  9591 | D:9      | Reached **** piety under Okawaru
  9954 | D:10     | Entered Level 10 of the Dungeon
 10055 | D:10     | Found a staircase to the Orcish Mines.
 10166 | D:10     | Reached skill level 1 in Spellcasting
 10320 | D:10     | Reached XP level 11. HP: 67/67 MP: 13/13
 10406 | D:10     | Reached skill level 9 in Air Magic
 10471 | D:10     | Reached ***** piety under Okawaru
 10569 | D:10     | Found a snail-covered altar of Cheibriados.
 10570 | D:10     | Found an ancient bone altar of Kikubaaqudgha.
 11072 | D:11     | Noticed Maurice
 11087 | D:11     | Reached skill level 1 in Long Blades
 11107 | D:10     | Killed Maurice
 11776 | D:11     | Noticed a manticore
 11809 | D:11     | Killed a manticore
 12125 | D:12     | Noticed a boulder beetle
 12182 | D:12     | Killed a boulder beetle
 12369 | D:12     | Received a gift from Okawaru
 12530 | D:12     | Noticed a two-headed ogre
 12541 | D:12     | Killed a two-headed ogre
 12662 | D:12     | Found Rosuxzou's Antique Armour Shop.
 13068 | D:13     | Noticed a cyclops
 13069 | D:13     | Noticed a boulder beetle
 13069 | D:13     | Noticed an entropy weaver
 13133 | Orc:1    | Entered Level 1 of the Orcish Mines
 13151 | D:10     | Reached skill level 5 in Armour
 13231 | D:10     | Received a gift from Okawaru
 13271 | Orc:1    | Noticed an orc warlord
 13338 | D:10     | Reached skill level 14 in Air Magic
 13338 | D:10     | Reached XP level 12. HP: 73/73 MP: 17/17
 13410 | D:10     | Killed an orc warlord
 14176 | Orc:1    | Reached XP level 13. HP: 73/78 MP: 18/18
 14231 | Orc:1    | You are sucked into a shaft and drop 1 floor!
 14231 | Orc:2    | Entered Level 2 of the Orcish Mines
 14307 | Orc:2    | Found Hixove's General Store.
 14321 | Orc:2    | Identified the +1 longbow "Zigorak" {speed, rF- rN+ Int+3}
                  | (Okawaru gifted it to you on level 2 of the Orcish Mines)
 14321 | Orc:2    | Received a gift from Okawaru
 14421 | Orc:2    | Found a staircase to the Elven Halls.
 14480 | Orc:1    | Found Tige's Jewellery Emporium.
 14704 | Orc:1    | Noticed Fannar
 15525 | Orc:1    | Killed Fannar
 15623 | Orc:2    | Reached skill level 10 in Ranged Weapons
 15686 | Orc:2    | Found Lawnaedd's Mass Market.
 15690 | Orc:2    | Found Jeischio's Antique Armour Shop.
 15767 | Orc:2    | Found Wecw's Magic Scroll Shop.
 15776 | Orc:2    | Bought a scroll of enchant weapon for 82 gold pieces
 15776 | Orc:2    | Bought a scroll of enchant armour for 82 gold pieces
 15793 | Orc:2    | Found Isseurakh's Antique Weapon Emporium.
 15809 | Orc:2    | Found Camneek's Armour Shoppe.
 15967 | Orc:2    | Bought the +11 chain mail of the Shining One's Fury {rElec
                  | Dex+5} for 924 gold pieces
 16047 | Orc:2    | Found Unykepeg's Antique Weapon Shoppe.
 16738 | Orc:2    | Noticed an orc warlord
 17214 | Orc:2    | Found Kiuckut's Antique Armour Shoppe.
 17216 | Orc:2    | Found Qiuz's Antique Weapon Emporium.
 17777 | Orc:2    | Found Tois's Antique Weapon Boutique.
 17900 | Elf:1    | Entered Level 1 of the Elven Halls
 17913 | Orc:2    | Slain by a +1 scimitar of protection

Illustrated notes

Levels and vault maps discovered:
D:1:      minmay_arrival_widening_spiral_wide, layout_basic, minmay_lizard_king
D:2:      layout_basic, hangedman_glass_teeth, kennysheep_flooded_box
D:3:      layout_basic, ashenzari_conservatory_becter
D:4:      layout_cave_pools, lemuel_tele_altar, uniq_edmund
D:5:      layout_loops_ring, lemuel_doored_altar, kennysheep_mini,
          mainiacjoe_overflow_cross_hatched, minmay_misc_feat_square,
          uniq_grinder, uniq_crazy_yiuf_cottage
D:6:      layout_cave_pods, ebering_ghost_xom, kennysheep_nub, minmay_puff
D:7:      layout_cave_pools, grunt_gozag_statues, mainiacjoe_overflow_chevrons,
          mainiacjoe_overflow_concentric_impassable,
          minmay_temple_entry_nine_rooms, serial_shops, nicolae_shop_statue_plus
D:8:      layout_gridville, vehumet_statue, uniq_joseph
D:9:      layout_roguey, zin_purify, lair_entry_dummy, enter_bailey_5,
          grunt_decor_cap, evilmike_butchery
D:10:     layout_rooms, grunt_temple_overflow_open, zombieorc2_lemuel,
          serial_bayou_crossing
D:11:     layout_loops_cross, uniq_maurice
D:12:     layout_basic, serial_shops, shop
D:13:     layout_layer_cave, david_vaults_3, dreamdust_mushroom_princess,
          st_stairs_4
Orc:1:    layout_diamond_mine, serial_shops, nicolae_shop_tiny_waterfront,
          hangedman_feature_mirror, nicolae_orc_bridge_out, uniq_fannar
Orc:2:    grunt_orc_community_town_hall, layout_caves,
          grunt_orc_community_big_house_1, grunt_orc_community_big_house_1,
          grunt_orc_community_house_1, grunt_orc_community_house_1,
          grunt_orc_community_house_1, grunt_orc_community_house_2,
          serial_shops, shop, shop, nicolae_shop_behind_doors,
          nicolae_shop_tiny_real_fake_doors, shop, minmay_shop_mass
Elf:1:    elf_arrival_002, layout_gridlike, orc_legates, uniq_aizul

Skill      XL: |  1  2  3  4  5  6  7  8  9 10 11 12 13 |
---------------+----------------------------------------+-----
Air Magic      | 1 2 3 4 6 7 8 14 | 14.2
Stealth        | 2 |  2.3
Dodging        | 3 4 6 7 9 10 11 12 | 12.0
Ranged Weapons | 5 6 7 8 9 10 | 10.0
Fighting       | 3 4 5 6 7 8 |  8.3
Short Blades   | 1 4 |  4.4
Armour         | 1 3 5 8 |  8.5
Spellcasting   | 1 2 3 |  3.9
Long Blades    | 3 4 |  4.8

Action                     |  1- 3 |  4- 6 |  7- 9 | 10-12 | 13-15 || total
---------------------------+-------+-------+-------+-------+-------++-------
  Melee: Dagger            |     3 |    30 |     8 |    36 |    21 ||    98
         Kick              |     1 |     8 |   118 |   344 |    61 ||   532
         Peck              |     1 |     4 |    61 |   191 |    52 ||   309
         Short sword       |       |     2 |   269 |   703 |   139 ||  1113
         Punch             |       |       |     7 |    14 |     3 ||    24
   Fire: Shortbow          |   120 |   128 |   122 |   284 |       ||   654
         Arbalest          |       |       |       |    38 |   215 ||   253
         Longbow           |       |       |       |       |    49 ||    49
  Evoke: Wand              |       |     1 |       |       |       ||     1
    Use: Scroll            |     3 |     5 |     3 |    18 |     1 ||    30
         Potion            |       |     1 |     6 |     9 |     1 ||    17
   Stab: Distracted        |       |       |       |     2 |       ||     2
         Sleeping          |       |       |       |     2 |       ||     2
         Invisible         |       |       |       |     2 |     1 ||     3
 Armour: Leather armour    |    12 |       |       |       |       ||    12
         Ring mail         |     5 |    33 |   134 |   202 |    28 ||   402
         Chain mail        |       |       |       |       |    33 ||    33
  Dodge: Dodged            |    35 |    42 |   327 |   730 |   199 ||  1333
  Block: Other             |       |       |       |   105 |    62 ||   167
         Reflection        |       |       |       |     2 |     9 ||    11
